 Dungeon Crawl Stone Soup version 0.22-a0-553-g9358b0b (webtiles) character file.

413 inc the Chiller (level 6, -1/36 HPs)
             Began as an Octopode Ice Elementalist on June 25, 2018.
             Slain by a sky beast (5 damage)
             ... on level 5 of the Dungeon.
             The game lasted 00:08:30 (4477 turns).

inc the Chiller (Octopode Ice Elementalist)         Turns: 4477, Time: 00:08:31

Health: -1/36      AC:  3    Str:  7    XL:     6   Next: 90%
Magic:  3/9        EV: 14    Int: 20    God:
Gold:   326        SH:  0    Dex: 16    Spells: 2/9 levels left

rFire    + . .     SeeInvis .   y - +2 rapier (protect)
rCold    . . .     Gourm    .   (no shield)
rNeg     + . .     Faith    .   (helmet restricted)
rPois    .         Spirit   .   (no amulet)
rElec    .         Reflect  .   i - ring of protection from fire
rCorr    .         Harm     .   p - ring of positive energy
MR       .....                  w - +2 ring of protection
Stlth    +++.......             x - +4 ring of dexterity
HPRegen  0.12/turn              (no ring)
MPRegen  0.11/turn              (no ring)
                                (no ring)
                                (no ring)

@: very slightly contaminated
A: almost no armour, stealthy swim, amphibious, 8 rings, constrict 8, camouflage
1, gelatinous body 1
a: no special abilities


You were on level 5 of the Dungeon.
You were hungry.

You visited 1 branch of the dungeon, and saw 6 of its levels.

You collected 326 gold pieces.

Inventory:

Hand Weapons
 f - a +1 short sword of draining
 y - a +2 rapier of protection (weapon)
 A - a +1 whip of freezing
Magical Staves
 m - an uncursed staff of poison
Jewellery
 i - a ring of protection from fire (left tentacle)
 p - a ring of positive energy (right tentacle)
 w - a +2 ring of protection (on tentacle)
 x - a +4 ring of dexterity (on tentacle)
Wands
 u - a wand of flame (16)
Scrolls
 a - 3 scrolls of remove curse {unknown}
 e - 5 scrolls of teleportation
 j - a scroll of magic mapping
 l - a scroll of immolation
 q - a scroll of enchant armour
Potions
 c - 2 potions of resistance
 d - a potion of berserk rage {unknown}
 g - a potion of ambrosia {unknown}
 k - 4 potions of haste
 n - a potion of curing
 o - 2 potions of heal wounds
 t - 2 potions of might
 z - a potion of brilliance {unknown}
Comestibles
 b - 8 rations


   Skills:
 - Level 2.0 Dodging
 - Level 2.6 Stealth
 - Level 2.0 Spellcasting
   Level 1.0 Conjurations
 - Level 0.2 Hexes
 + Level 4.8 Summonings
 - Level 5.5 Ice Magic


You had 2 spell levels left.
You knew the following spells:

 Your Spells              Type           Power        Failure   Level  Hunger
a - Freeze                Ice            ###.         1%          1    #......
c - Summon Ice Beast      Ice/Summ       ###.....     19%         4    #####..
e - Ensorcelled Hibernat  Hex/Ice        ##....       8%          2    ##.....

Your spell library contained the following spells:

 Spells                   Type           Power        Failure   Level  Hunger
 Confuse                  Hex            #.......     38%         3    ###....
 Throw Frost              Conj/Ice       ###...       6%          2    ##.....
 Ozocubu's Armour         Chrm/Ice       ##......     16%         3    ###....
 Tukima's Dance           Hex            #.......     38%         3    ###....
 Throw Icicle             Conj/Ice       ###.....     38%         4    #####..
 Corona                   Hex            #......      14%         1    #......
 Dazzling Spray           Conj/Hex       #.....       36%         3    ###....


Dungeon Overview and Level Annotations

Branches:
Dungeon (6/15)             Temple (0/1) D:6

Altars:


Innate Abilities, Weirdness & Mutations

You cannot wear most types of armour.
You are very stealthy in the water. (Stealth+)
You are amphibious.
You can wear up to eight rings at the same time.
You can use your tentacles to constrict eight enemies at once.
Your skin changes colour to match your surroundings (Stealth+).
Your rubbery body absorbs attacks. (AC +1, EV +1)


Message History

Aim: a sky beast (rain, severely wounded)
You freeze the sky beast.
The sky beast is severely wounded.
The sky beast flickers out of sight!
Deactivating autopickup; reactivate with Ctrl-A.
Something hits you.
* * * LOW HITPOINT WARNING * * *
Something shocks you.
* * * LOW HITPOINT WARNING * * *
Unknown command.
Casting: Freeze (safe; 1% risk of failure)
Confirm with . or Enter, or press ? or * to list all spells.
Aiming: Freeze (safe; 1% risk of failure)
Press: ? - help, Shift-Dir - straight line You freeze something.
A sky beast appears from thin air!
Reactivating autopickup.
The sky beast hits you.
* * * LOW HITPOINT WARNING * * *
The sky beast shocks you.
You die...

############ #..........#
#...# #..........# #...#
#..........# #...#
#..........# #...#
#..........# #...#
#..........# #...# ##
#..........##########...# #.
#...........[@..........# #.
#........[.##Y######....# #.
##########)##.#######...#####.
#.##.................
#.##########.....##.. #......#
##....##.. ######.# #....##..
#.# ##.####.. .. #.# #.# #.#


You could see a sky beast.

Vanquished Creatures
  A howler monkey (D:4)
  An orc priest (D:4)
  2 orc wizards
  A worker ant (D:4)
  A hound zombie (D:5)
  A howler monkey skeleton (D:4)
  A gnoll (D:1)
  7 adders
  An ooze (D:2)
  An adder zombie (D:4)
  2 worms
  A dart slug (D:2)
  3 leopard geckos
  3 orcs
  3 giant cockroaches
  7 hobgoblins
  A jackal (D:2)
  4 kobolds
  A quokka (D:3)
  12 bats
  3 frilled lizards
  9 goblins
  7 rats
73 creatures vanquished.

Vanquished Creatures (collateral kills)
  2 ogres
2 creatures vanquished.

Vanquished Creatures (others)
  2 plants (D:4)
2 creatures vanquished.

Grand Total: 77 creatures vanquished

Notes
Turn   | Place    | Note
-------+----------+-------------------------------------------
     0 | D:1      | inc the Octopode Ice Elementalist began the quest for the Orb.
     0 | D:1      | Reached XP level 1. HP: 11/11 MP: 3/3
   506 | D:1      | Reached XP level 2. HP: 15/17 MP: 5/5
   924 | D:1      | Reached skill level 4 in Ice Magic
   924 | D:1      | Reached XP level 3. HP: 9/21 MP: 6/6
  1743 | D:2      | Reached XP level 4. HP: 24/27 MP: 7/7
  1854 | D:2      | Reached skill level 5 in Ice Magic
  2898 | D:3      | Reached XP level 5. HP: 31/31 MP: 8/8
  2903 | D:3      | Learned a level 2 spell: Ensorcelled Hibernation
  3161 | D:3      | Learned a level 4 spell: Summon Ice Beast
  3423 | D:5      | Entered Level 5 of the Dungeon
  3432 | D:5      | Noticed a phantom
  3464 | D:4      | Reached skill level 1 in Summonings
  3518 | D:4      | Reached XP level 6. HP: 32/36 MP: 9/9
  3552 | D:4      | Noticed an orc warrior
  4468 | D:6      | Noticed a sky beast
  4477 | D:5      | Slain by a sky beast

Vault maps used:
D:1:      dpeg_arrival_line_fractal
D:2:      first_ration, minmay_tromino_v4_a
D:4:      kennysheep_boxes
D:5:      lemuel_crystal_altar
D:6:      minitemple, minmay_temple_entry_poolview, nicolae_ru_awakened_eye

Skill      XL: |  1  2  3  4  5  6 |
---------------+-------------------+-----
Ice Magic      | 4 5 |  5.5
Summonings     | 3 4 |  4.8
Dodging        | |  2.0
Stealth        | |  2.6
Spellcasting   | |  2.0
Conjurations   | |  1.0
Hexes          | |  0.2

Action                   |  1- 3 |  4- 6 || total
-------------------------+-------+-------++-------
Melee: Unarmed           |    27 |       ||    27
       Constrict         |    23 |    26 ||    49
       Tentacles         |     8 |    17 ||    25
       Short sword       |    57 |    53 ||   110
       Rapier            |       |    47 ||    47
 Cast: Ensorcelled Hiber |       |     4 ||     4
       Freeze            |       |     6 ||     6
       Summon Ice Beast  |       |     3 ||     3
  Use: Scroll            |       |    13 ||    13
 Stab: Sleeping          |     6 |    16 ||    22
       Distracted        |       |     1 ||     1
  Eat: Chunk             |     3 |     5 ||     8
       Ration            |       |     1 ||     1
Armor: Skin              |    18 |    21 ||    39
Dodge: Dodged            |    97 |    66 ||   163

Table legend:
 A = Spawn XP
 B = Non-spawn XP
 C = Spawn XP percentage of total XP
 D = Spawn monster count
 E = Non-spawn monster count
 F = Spawn count percentage of total count
 G = Total turns spent on level
                    A         B        C        D         E        F      G
               +---------+---------+-------+---------+---------+-------+---------
         Total |       0 |     590 |   0.0 |       0 |      75 |   0.0 |  4477
               +---------+---------+-------+---------+---------+-------+---------
           D:1 |       0 |      48 |   0.0 |       0 |      22 |   0.0 |  1476
           D:2 |       0 |      87 |   0.0 |       0 |      25 |   0.0 |  1081
           D:3 |       0 |      35 |   0.0 |       0 |      11 |   0.0 |   769
           D:4 |       0 |     280 |   0.0 |       0 |      11 |   0.0 |   868
           D:5 |       0 |     140 |   0.0 |       0 |       6 |   0.0 |   270
               +---------+---------+-------+---------+---------+-------+---------
